 Dungeon Crawl Stone Soup version 0.23.0-3-gf3c87f2 (webtiles) character file.

Game seed: 5588594131473984831

32 Faca the Skirmisher (level 3, 0/24 HPs)
             Began as a Gargoyle Fighter on Feb 20, 2019.
             Slain by a hobgoblin
             ... wielding a +0 club
              (3 damage)
             ... on level 2 of the Dungeon.
             The game lasted 00:02:06 (798 turns).

Faca the Skirmisher (Gargoyle Fighter)               Turns: 798, Time: 00:02:07

Health: 0/24       AC: 11    Str: 20    XL:     3   Next: 25%
Magic:  3/3        EV:  7    Int:  8    God:
Gold:   66         SH:  9    Dex:  9    Spells: 2/2 levels left

rFire    . . .     SeeInvis .   a - +0 flail
rCold    . . .     Gourm    .   c - +0 shield
rNeg     + + .     Faith    .   b - +0 scale mail
rPois    ∞         Spirit   .   (no helmet)
rElec    +         Reflect  .   (no cloak)
rCorr    .         Harm     .   i - +0 pair of gloves
MR       .....                  (no boots)
Stlth    ..........             (no amulet)
HPRegen  0.08/turn              k - ring of positive energy
MPRegen  0.08/turn              (no ring)

@: no status effects
A: negative energy resistance 1, electricity resistance, unbreathing,
petrification resistance, rot immunity, AC +3
a: no special abilities


You were on level 2 of the Dungeon.
You were not hungry.

You visited 1 branch of the dungeon, and saw 2 of its levels.

You collected 66 gold pieces.

Inventory:

Hand Weapons
 a - a +0 flail (weapon)
Missiles
 h - a throwing net (quivered)
Armour
 b - a +0 scale mail (worn)
 c - a +0 shield (worn)
 i - a +0 pair of gloves (worn)
Jewellery
 k - a ring of positive energy (left hand)
Scrolls
 e - a scroll of teleportation {unknown}
 j - a scroll of identify {unknown}
 l - a scroll of remove curse {unknown}
Potions
 d - a potion of might
 g - 2 potions of degeneration {unknown}
 m - a potion of flight {unknown}
 n - a potion of curing
Comestibles
 f - 2 rations


   Skills:
 + Level 4.0 Fighting
 + Level 2.9 Maces & Flails
 - Level 3.2 Armour
 - Level 3.2 Shields


You had 2 spell levels left.
You didn't know any spells.
Your spell library was empty.

Dungeon Overview and Level Annotations

Branches:
Dungeon (2/15)

Altars:


Innate Abilities, Weirdness & Mutations

You are resistant to torment.
Your stone body is resilient. (AC +3)
You are immune to poison.
You resist negative energy. (rN+)
You are resistant to electric shocks. (rElec)
You can survive without breathing.
You are immune to petrification.
You are immune to rotting.


Message History

You closely miss something.
The hobgoblin hits you but does no damage.
Something hits you but does no damage. You block the hobgoblin's attack.
You closely miss something. Something hits you but does no damage.
You block the hobgoblin's attack.
You hit something. Something hits you but does no damage.
You block the hobgoblin's attack. Something hits you but does no damage.
You miss something. You block the hobgoblin's attack.
Something hits you but does no damage.
You closely miss something. You block the hobgoblin's attack.
Something hits you.
* * * LOW HITPOINT WARNING * * *
Something shocks you. You resist.
* * * LOW HITPOINT WARNING * * *
You block the hobgoblin's attack.
You closely miss something. Something hits you but does no damage.
You block the hobgoblin's attack. Something hits you but does no damage.
You miss something. Something hits you but does no damage.
The hobgoblin hits you with a +0 club.
You die...

..#.# #.#.#
..#.# ...# #..#
#..# ##g{#
##.##..@#
......#.#
######..# ...
##.## ..>. #..#
.... #.## .....
####.# .....
##....#
...[.#####..####


You could see a hobgoblin.

Vanquished Creatures
  A dart slug (D:1)
  2 leopard geckos (D:1)
  5 bats (D:1)
  A giant cockroach (D:1)
  2 goblins (D:1)
  6 hobgoblins (D:1)
  A frilled lizard (D:1)
  5 kobolds (D:1)
  3 rats (D:1)
26 creatures vanquished.

Notes
Turn   | Place    | Note
-------+----------+-------------------------------------------
     0 | D:1      | Faca the Gargoyle Fighter began the quest for the Orb.
     0 | D:1      | Reached XP level 1. HP: 14/14 MP: 1/1
   139 | D:1      | Reached XP level 2. HP: 19/19 MP: 2/2
   332 | D:1      | Reached XP level 3. HP: 24/24 MP: 3/3
   334 | D:1      | Reached skill level 4 in Fighting
   762 | D:2      | Noticed a sky beast
   798 | D:2      | Slain by a hobgoblin

Skill      XL: |  1  2  3 |
---------------+----------+-----
Fighting       | 4 |  4.0
Maces & Flails | |  2.9
Armour         | |  3.2
Shields        | |  3.2

Action                   || total
-------------------------++-------
Melee: Flail             ||   124
Armor: Scale mail        ||   109
Dodge: Dodged            ||    46
Block: Shield            ||    74
